 Dungeon Crawl Stone Soup version 0.28-a0-1292-gb4563b27b3 (webtiles) character file.

Game seed: 5402478833073691930

6296 Cheeritup the Cleaver (level 10, -3/97 HPs)
             Began as a Hill Orc Fighter on Dec 27, 2021.
             Was a Follower of Beogh.
             Shot with an arrow by a centaur warrior (12 damage)
             ... on level 8 of the Dungeon.
             The game lasted 00:52:01 (11038 turns).

Cheeritup the Cleaver (Hill Orc Fighter)           Turns: 11038, Time: 00:52:01

Health: -3/97      AC: 16    Str: 24    XL:     10   Next: 94%
Magic:  0/10       EV:  8    Int: 14    God:    Beogh [*.....]
Gold:   1481       SH:  0    Dex: 16    Spells: 9/9 levels left

rFire   + . .      SeeInvis .   a - +0 war axe (protect)
rCold   . . .      Faith    .   C - +2 buckler
rNeg    . . .      Spirit   +   m - +0 chain mail
rPois   .          Reflect  .   (no helmet)
rElec   +          Harm     .   (no cloak)
rCorr   .          Rampage  +   (no gloves)
Will    .....                   N - +2 pair of boots {rampage}
Stlth   ..........              k - amulet of guardian spirit
HPRegen 0.26/turn               e - ring "Acas" {rF+ Dex+6}
MPRegen 0.12/turn               q - +6 ring of intelligence

@: confused
A: iridescent scales 1, electricity resistance
a: Renounce Religion


You were on level 8 of the Dungeon.
You worshipped Beogh.
Beogh was aware of your devotion.
You visited 1 branch of the dungeon, and saw 8 of its levels.

You collected 1481 gold pieces.

Inventory:

Hand Weapons
 a - a +0 war axe of protection (weapon)
 f - a +0 vorpal trident
 g - a +1 hand axe of electrocution
 j - a +0 vorpal spear
 p - a +1 vorpal battleaxe
 y - a +0 dagger of speed
 z - a +2 spear of pain
 K - a +2 spear
 M - a +2 morningstar of flaming
Missiles
 i - a poisoned dart (quivered)
 H - 3 datura-tipped darts
Armour
 c - a +2 buckler
 m - a +0 chain mail (worn)
 t - a +1 ring mail of poison resistance
 C - a +2 buckler (worn)
 I - the +1 robe of Paranoia {rElec rN+ Will+ Int+2 Dex-4}
   (You found it on level 7 of the Dungeon)

   Int:       It affects your intelligence (+2).
   Dex:       It affects your dexterity (-4).
   rElec:     It insulates you from electricity.
   rN:        It protects you from negative energy.
   Will:      It increases your willpower.
 N - a +2 pair of boots of rampaging (worn)
Jewellery
 e - the ring "Acas" (left hand) {rF+ Dex+6}
   (You acquired it on level 1 of the Dungeon)

   [ring of dexterity]

   Dex:       It affects your dexterity (+6).
   rF:        It protects you from fire.
 k - an amulet of guardian spirit (around neck)
 q - a +6 ring of intelligence (right hand)
Wands
 l - a wand of mindburst (9)
 x - a wand of charming (9)
 F - a wand of paralysis (5)
 J - a wand of flame (28)
Scrolls
 b - 3 scrolls of teleportation
 h - 2 scrolls of fear
 v - a scroll of vulnerability
 A - a scroll of enchant armour
Potions
 d - a potion of might
 n - a potion of degeneration {unknown}
 o - 3 potions of heal wounds {unknown}
 r - 2 potions of magic
 s - a potion of invisibility
 u - 2 potions of attraction {unknown}
 w - a potion of lignification {unknown}
 D - a potion of haste {unknown}
 E - 3 potions of curing {unknown}
 G - a potion of brilliance {unknown}


   Skills:
 * Level 12.2 Fighting
 * Level 12.4 Axes
 + Level 8.2 Armour
 - Level 2.5 Stealth
 - Level 6.1 Shields


You had 9 spell levels left.
You didn't know any spells.
Your spell library contained the following spells:

 Spells                   Type           Power      Damage    Failure   Level
 Magic Dart               Conj           0%         1d3       86%         1
 Searing Ray              Conj           0%         2d4       94%         2
 Ozocubu's Armour         Ice            0%         N/A       99%         3
 Fulminant Prism          Conj/Hex       0%         3d6       100%        4
 Ozocubu's Refrigeration  Ice            0%         4d5       100%        7


Dungeon Overview and Level Annotations

Branches:
Dungeon (8/15)             Temple (0/1) D:6
   Lair: D:8-11

Altars:
Dithmenos
Elyvilon
Makhleb
Qazlal
Xom


Innate Abilities, Weirdness & Mutations

You are partially covered in iridescent scales. (AC +2)
You are resistant to electric shocks. (rElec)


Message History

You rampage towards the centaur warrior!
The centaur warrior shoots an arrow.
The arrow hits you.
The centaur warrior shoots an arrow.
The arrow hits you!
Things that are here:
2 large rocks; a cyclops skeleton You rampage towards the centaur warrior!
A vampire comes into view.
The centaur warrior shoots an arrow.
The arrow hits you!
You rampage towards the centaur warrior!
The centaur warrior unwields a +0 longbow.
The centaur warrior wields a +0 trident.
The centaur warrior hits you with a +0 trident!
The centaur warrior barely misses you. You block the centaur warrior's attack.
The centaur warrior barely misses you.
The centaur warrior unwields a +0 trident.
The centaur warrior wields a +0 longbow.
The centaur warrior shoots an arrow.
You block the arrow.
The vampire gestures at you while chanting.
You are confused.
The centaur warrior shoots an arrow.
The arrow hits you!
The centaur warrior shoots an arrow.
The arrow hits you!!
* * * LOW HITPOINT WARNING * * *
The centaur warrior shoots an arrow.
The arrow hits you but does no damage.
You bump into the granite statue.
The centaur warrior shoots an arrow.
The arrow hits you but does no damage.
The vampire hits you but does no damage.
The vampire bites you but does no damage.
You're too confused to move!
The centaur warrior shoots an arrow.
The arrow barely misses you.
The vampire hits you but does no damage.
The vampire bites you.
* * * LOW HITPOINT WARNING * * *
The vampire draws strength from your injuries!
The centaur warrior shoots an arrow.
The arrow closely misses you.
You closely miss the vampire. The vampire hits you.
* * * LOW HITPOINT WARNING * * *
The vampire bites you but does no damage.
The centaur warrior shoots an arrow.
The arrow barely misses you.
The centaur warrior shoots an arrow.
The arrow hits you!
You die...

####### ##.....##
##.......##
###....>....#
#...8.....8.#
##...........#########
#'...@.8.8....#.......
##...V.........[).....
###c..8.....8.##[......
#......(.<....##...)...
#....#...รท.^.###.......
#....##(....## #######.
#....(######## #.
#............# ##
#............#


You could see a centaur warrior and a vampire.

Vanquished Creatures
  A cyclops (D:8)
  A manticore (D:8)
  An unseen horror (D:8)
  A hornet (D:8)
  A slime creature (D:8)
  Sigmund (D:5)
  A wyvern (D:5)
  3 yaks (D:8)
  A vampire mosquito (D:7)
  A steam dragon (D:7)
  Menkaure (D:7)
  2 black bears
  A hornet zombie (D:8)
  3 sky beasts
  2 necrophages
  3 ogres
  A phantom (D:5)
  3 centaurs
  A kobold brigand (D:5)
  10 bullfrogs
  3 gnoll sergeants
  3 scorpions
  A wyvern skeleton (D:7)
  2 water moccasin skeletons
  6 killer bees (D:8)
  4 wights
  4 howler monkeys
  2 centaur zombies
  A bullfrog zombie (D:6)
  3 orc priests (D:8)
  2 hounds (D:5)
  3 jellies
  2 bullfrog skeletons
  2 centaur skeletons
  2 gnoll shamans
  4 iguanas
  4 orc wizards
  2 killer bee zombies
  A howler monkey zombie (D:6)
  10 gnolls
  2 howler monkey skeletons (D:6)
  3 adders
  2 white imps (D:8)
  An adder skeleton (D:5)
  A worm (D:2)
  7 orcs
  6 ball pythons
  8 endoplasms
  4 giant cockroaches
  8 goblins
  4 hobgoblins (D:1)
  4 jackals (D:4)
  6 bats
  3 frilled lizards
  12 kobolds
  3 rats
174 creatures vanquished.

Vanquished Creatures (others)
  5 plants
5 creatures vanquished.

Grand Total: 179 creatures vanquished

Notes
Turn   | Place    | Note
-------+----------+-------------------------------------------
     0 | D:1      | Cheeritup the Hill Orc Fighter began the quest for the Orb.
     0 | D:1      | Reached XP level 1. HP: 19/19 MP: 1/1
   201 | D:1      | Reached XP level 2. HP: 27/27 MP: 2/2
   260 | D:1      | You fall into a shaft and drop 1 floor!
   434 | D:1      | Reached XP level 3. HP: 33/33 MP: 3/3
   880 | D:1      | Identified a scroll of acquirement
   880 | D:1      | Acquired the ring "Acas" {rF+ Dex+6}
  1832 | D:3      | Reached XP level 4. HP: 19/41 MP: 4/4
  2533 | D:4      | Reached skill level 5 in Fighting
  2533 | D:4      | Reached XP level 5. HP: 38/48 MP: 3/5
  2802 | D:4      | Found a stormy altar of Qazlal.
  3231 | D:5      | Entered Level 5 of the Dungeon
  3258 | D:5      | Reached XP level 6. HP: 57/57 MP: 6/6
  3516 | D:5      | Noticed a necrophage
  3522 | D:5      | Killed a necrophage
  3523 | D:5      | Reached skill level 5 in Axes
  3523 | D:5      | Reached XP level 7. HP: 64/64 MP: 7/7
  3526 | D:5      | Acquired 957 gold pieces
  3589 | D:5      | Noticed Sigmund
  3623 | D:5      | HP: 3/64 [gnoll sergeant (2)]
  3947 | D:5      | Reached skill level 5 in Armour
  3947 | D:5      | Reached skill level 5 in Shields
  3964 | D:5      | Killed Sigmund
  3965 | D:5      | Reached XP level 8. HP: 41/73 MP: 4/8
  4167 | D:5      | Found a shimmering altar of Xom.
  4265 | D:5      | Noticed a wyvern
  4274 | D:5      | Killed a wyvern
  4531 | D:5      | HP: 3/74 [electric eel/bolt of electricity (3)]
  5994 | D:6      | Reached XP level 9. HP: 66/82 MP: 6/9
  6424 | D:6      | Found a white marble altar of Elyvilon.
  6461 | D:6      | Found a shadowy altar of Dithmenos.
  6485 | D:6      | Found a staircase to the Ecumenical Temple.
  6492 | D:6      | Reached skill level 1 in Stealth
  6914 | D:6      | Found a burning altar of Makhleb.
  7442 | D:7      | Became a worshipper of Beogh the Brigand
  7887 | D:7      | Identified the +1 robe of Paranoia {rElec rN+ Will+ Int+2
                  | Dex-4}
  7941 | D:7      | Reached skill level 10 in Fighting
  8263 | D:7      | Noticed Menkaure
  8269 | D:7      | Reached skill level 10 in Axes
  8277 | D:7      | Killed Menkaure
  8713 | D:8      | Reached XP level 10. HP: 36/94 MP: 5/10
  9019 | D:8      | Killed an unseen horror
  9337 | D:8      | Noticed a manticore
  9346 | D:8      | Killed a manticore
  9601 | D:8      | Reached * piety under Beogh
  9622 | D:8      | Gained mutation: You passively dampen the noise of your
                  | surroundings. [potion of mutation]
  9622 | D:8      | Gained mutation: You are frail. (-10% HP) [potion of
                  | mutation]
  9622 | D:8      | Gained mutation: You have hidden genetic potential. [potion
                  | of mutation]
  9897 | D:8      | Lost mutation: You are frail. (-10% HP) [potion of
                  | mutation]
  9897 | D:8      | Lost mutation: You passively dampen the noise of your
                  | surroundings. [potion of mutation]
  9897 | D:8      | Lost mutation: You have hidden genetic potential. [potion
                  | of mutation]
  9897 | D:8      | Gained mutation: You are frail. (-10% HP) [potion of
                  | mutation]
  9897 | D:8      | Gained mutation: You are partially covered in iridescent
                  | scales. (AC +2) [potion of mutation]
  9898 | D:8      | Lost mutation: You are partially covered in iridescent
                  | scales. (AC +2) [potion of mutation]
  9898 | D:8      | Lost mutation: You are frail. (-10% HP) [potion of
                  | mutation]
  9898 | D:8      | Gained mutation: You are frail. (-10% HP) [potion of
                  | mutation]
  9898 | D:8      | Gained mutation: You are dopey. (Int -2) [potion of
                  | mutation]
  9898 | D:8      | Lost mutation: You are dopey. (Int -2) [potion of mutation]
  9898 | D:8      | Lost mutation: You are frail. (-10% HP) [potion of
                  | mutation]
  9899 | D:8      | Gained mutation: You are partially covered in iridescent
                  | scales. (AC +2) [potion of mutation]
  9899 | D:8      | Gained mutation: You are resistant to electric shocks.
                  | (rElec) [potion of mutation]
 10296 | D:8      | Noticed a cyclops
 10320 | D:8      | Paralysed by a hornet for 3 turns
 10648 | D:8      | Killed a cyclops
 10677 | D:8      | Noticed a centaur warrior
 11038 | D:8      | Shot with an arrow by a centaur warrior

Illustrated notes

Levels and vault maps discovered:
D:1:      psy_arrival_conway, layout_loops_ring
D:2:      layout_basic, serial_rivers, chequers_serial_rivers_micro_d,
          chequers_serial_rivers_micro_c, chequers_serial_rivers_marsh,
          chequers_serial_rivers_micro_e, chequers_serial_rivers_micro_c
D:3:      layout_loops_ring, serial_forest, infiniplex_forest_clump_diagonal,
          infiniplex_forest_lined_1, infiniplex_forest_lined_1,
          infiniplex_forest_end_1, infiniplex_forest_end_3,
          infiniplex_forest_lined_room_, infiniplex_forest_lined_corner,
          infiniplex_forest_straight_5, infiniplex_forest_clump_C,
          roderic_serpentine_path
D:4:      layout_basic, nicolae_qazlal_scattered_showers
D:5:      cheibrodos_two_vegetables, layout_cave_pools, kennysheep_little_box,
          kennysheep_cluttered_room, uniq_sigmund
D:6:      layout_rooms, mainiacjoe_overflow_small_starburst,
          lightli_temple_of_fire, mainiacjoe_overflow_six_doors_small,
          minmay_temple_entry_mini_moons, minmay_joined_circles
D:7:      layout_gridville, grunt_decor_cap, dk_rats_in_the_wall, uniq_menkaure
D:8:      hangedman_cross_veins, layout_basic, grunt_ministairs_10,
          nicolae_take_the_stairs, minmay_pinched_square

Skill      XL: |  1  2  3  4  5  6  7  8  9 10 |
---------------+-------------------------------+-----
Fighting       | 4 5 6 7 8 10 12 | 12.2
Axes           | 3 4 5 6 8 10 12 | 12.4
Armour         | 4 5 6 7 8 |  8.2
Shields        | 4 5 6 |  6.1
Stealth        | 2 |  2.5

Action                   |  1- 3 |  4- 6 |  7- 9 | 10-12 || total
-------------------------+-------+-------+-------+-------++-------
Melee: War axe           |    86 |    90 |   301 |   192 ||   669
Throw: Dart              |       |       |     2 |       ||     2
       Throwing net      |       |       |       |     1 ||     1
Invok: Convert to Beogh  |       |       |     1 |       ||     1
  Use: Scroll            |     4 |     8 |     5 |     1 ||    18
       Potion            |       |     1 |     3 |     4 ||     8
Armor: Scale mail        |    40 |       |       |       ||    40
       Chain mail        |    35 |    48 |   205 |   151 ||   439
Dodge: Dodged            |    54 |    34 |   128 |    71 ||   287
Block: Buckler           |    41 |    38 |   145 |    84 ||   308

Table legend: (Time is in decaauts)
 A = Elapsed time spent in this place.
 B = Non-inter-level travel time spent in this place.
 C = Inter-level travel time spent in this place.
 D = Time resting spent in this place.
 E = Time spent auto-exploring this place.
 F = Levels seen in this place.
 G = Mean time per level.
                   A        B        C        D        E       F      G
               +--------+--------+--------+--------+--------+-----+--------+
         Total |  11154 |  10938 |    216 |   3418 |   5029 |   8 | 1394.2 |
       Dungeon |  11154 |  10938 |    216 |   3418 |   5029 |   8 | 1394.2 |
               +--------+--------+--------+--------+--------+-----+--------+

Top non-repeatable levels by time:
     D:5: 2422 daAuts
     D:7: 2211 daAuts
     D:8: 1730 daAuts
     D:6: 1234 daAuts
     D:3: 1094 daAuts
     D:4: 1055 daAuts
     D:1: 862 daAuts
     D:2: 542 daAuts
